 Dungeon Crawl Stone Soup version 0.31-a0-544-gceb718ecc6 (webtiles) character file.

Game seed: 17735475239170406376

9102 heikuro the Cleaver (level 11, -4/87 HPs)
             Began as a Formicid Fighter on Aug 15, 2023.
             Was a High Priest of Qazlal.
             Killed from afar by Erica (23 damage)
             ... with a bolt of poison
             ... on level 10 of the Dungeon.
             The game lasted 00:28:31 (9726 turns).

heikuro the Cleaver (Formicid Fighter)              Turns: 9726, Time: 00:28:32

Health: -4/87      AC: 15    Str: 25    XL:     11   Next: 68%
Magic:  17/17      EV:  9    Int:  8    God:    Qazlal [*****.]
Gold:   887        SH: 18    Dex: 13    Spells: 10/10 levels left

rFire   + . .        a - +0 battleaxe
rCold   + . .        c - +0 buckler
rNeg    . . .        b - +0 scale mail
rPois   .            (helmet unavailable)
rElec   .            g - scarf {rC+ rF+}
rCorr   .            j - +0 pair of gloves
SInv    +            r - +1 pair of boots
Will    +....        f - amulet of reflection Stlth
                     (no ring)
HPRegen 0.34/turn    (no ring)
MPRegen 0.15/turn

%: repel missiles, reflection
@: mighty, lethally poisoned (-4 -> -31), protected from physical damage
A: permanent stasis, dig shafts and tunnels, antennae 3, four strong arms
a: Dig, Shaft Self, Renounce Religion, Upheaval, Elemental Force, Disaster Area


You were on level 10 of the Dungeon.
You worshipped Qazlal.
Qazlal was extremely pleased with you.
You visited 2 branches of the dungeon, and saw 13 of its levels.
You also visited: Ossuary.

You collected 887 gold pieces.

Inventory:

Hand Weapons
 a - a +0 battleaxe (weapon)
 l - a +2 whip of venom
Missiles
 p - 35 poisoned darts (quivered)
 v - 7 throwing nets
Armour
 b - a +0 scale mail (worn)
 c - a +0 buckler (worn)
 g - a scarf of resistance (worn)
 j - a +0 pair of gloves (worn)
 r - a +1 pair of boots (worn)
Jewellery
 f - an amulet of reflection (around neck)
Wands
 u - a wand of roots (30)
 y - a wand of paralysis (8)
 E - a wand of polymorph (2)
Scrolls
 e - 4 scrolls of amnesia
 h - 3 scrolls of revelation {unknown}
 m - a scroll of immolation {unknown}
 n - 2 scrolls of blinking {unknown}
 q - 3 scrolls of vulnerability
 s - 3 scrolls of fear {unknown}
 t - a scroll of identify
 w - a scroll of summoning {unknown}
 z - 2 scrolls of fog {unknown}
Potions
 d - 2 potions of might
 i - 2 potions of resistance
 k - 4 potions of brilliance
 o - 6 potions of heal wounds
 x - a potion of lignification
 A - 4 potions of mutation
 B - 2 potions of curing {unknown}
 C - a potion of ambrosia {unknown}
 D - 2 potions of cancellation {unknown}


   Skills:
 + Level 8.7 Fighting
 * Level 10.5 Axes
 + Level 8.6 Armour
 + Level 10.1 Shields
 + Level 8.1 Invocations


You had 10 spell levels left.
You didn't know any spells.
Your spell library contained the following spells:

 Spells                   Type           Power      Damage    Failure   Level
 Magic Dart               Conj           0%         1d3       71%         1
 Ensorcelled Hibernation  Hex/Ice        0%         N/A       83%         2
 Searing Ray              Conj           0%         2d4       83%         2
 Anguish                  Hex/Necr       0%         N/A       100%        4
 Fulminant Prism          Conj/Hex       0%         3d5       100%        4
 Arcjolt                  Conj/Air       0%         1d10      100%        5
 Plasma Beam              Fire/Air       0%         2x1d10    100%        6
 Vhi's Electric Charge    Tloc/Air       Unusable   N/A       N/A         3

Dungeon Overview and Level Annotations

Branches:
Dungeon (12/15)            Temple (1/1) D:7             Orc (0/2) D:9
Ossuary (visited)
   Lair: D:8-11

Altars:
Ashenzari
Cheibriados
Dithmenos
Elyvilon
Fedhas
Gozag
Hepliaklqana
Kikubaaqudgha
Makhleb
Nemelex Xobeh
Okawaru
Qazlal
Ru
Sif Muna
Trog
Uskayaw
Vehumet
Wu Jian
Xom
Yredelemnul
Zin
The Shining One

Shops:
D:5 [!

Annotations:
D:8 1 runed translucent door, Brisketman's ghost, novice DsNe
D:9 Jeremiah
D:10 Erica


Innate Abilities, Weirdness & Mutations

You cannot be hasted, slowed, berserked, paralysed or teleported.
You can dig through walls and to a lower floor.
You have a pair of large antennae on your head. (SInv)
Your four strong arms can wield two-handed weapons with a shield.


Message History

The yak gores you. x2; You block Erica's attack.
The yak is engulfed in freezing vapours.
You kill the yak!
Qazlal accepts your kill.
You barely miss Erica. You hit the yak. The yak gores you.
You feel protected from physical attacks.
You block Erica's attack.
Unknown command.
You feel very mighty all of a sudden. You block the wight's attack.
The yak gores you. You block the yak's attack. Erica casts a spell at you.
You resist with some effort.
You closely miss the yak.
The yak is heavily wounded.
You slash the yak! You slash Erica! You block the wight's attack.
You block the yak's attack. The yak closely misses you.
Erica gestures at you while chanting.
Your stasis prevents you from being slowed.
Unknown command.
You slash the yak!
The yak is almost dead.
You barely miss Erica. You closely miss the yak. You block the yak's attack.
The yak misses you.
Erica is engulfed in freezing vapours.
Erica gestures at you while chanting. The bolt of poison hits you!!
You are poisoned.
You block the wight's attack.
A wight comes into view. It is wielding a +0 halberd.
You slice the yak!!
You kill the yak!
Qazlal accepts your kill.
You slash the yak! You closely miss Erica.
You feel very sick. You block the wight's attack. The yak gores you!
* * * LOW HITPOINT WARNING * * *
Erica is engulfed in freezing vapours.
Erica points at you and mumbles some strange words.
The bolt of poison hits you!!
You are lethally poisoned!
You die...

#.# # #.# #.# ... #.#
#.# #.# #.# #.# #.
#.# #.# ##..####.#
#.#
.....°Y†@##########.#
#....z)@............#
...z#################
! ,,,


You could see Erica, a yak and 2 wights.

Vanquished Creatures
  2 two-headed ogres (D:8)
  An ugly thing (D:11)
  The ghost of hgbash the Changeling, a novice MfSh (D:4)
  Grinder (D:4)
  5 slime creatures (D:12)
  3 wyverns
  6 yaks
  Sigmund (D:4)
  2 shadows
  A steam dragon (D:8)
  A warg (D:9)
  An acid dragon (D:12)
  3 orc warriors
  3 sky beasts
  A black bear (D:7)
  An ogre (D:6)
  A phantom (D:7)
  3 kobold brigands
  3 bullfrogs
  2 scorpions (D:5)
  4 gnoll sergeants (D:5)
  15 wights
  5 killer bees (D:9)
  2 howler monkeys
  8 hounds (D:5)
  5 orc priests
  3 jellies
  Crazy Yiuf (D:4)
  A sleepcap (D:5)
  A gnoll bouda (D:5)
  Ijyb (D:4)
  An iguana (D:6)
  10 orc wizards
  8 mummies (Ossuary)
  33 gnolls
  12 adders
  A shadow imp (D:6)
  2 white imps
  An ufetubus (D:5)
  A worm (D:5)
  3 dart slugs
  26 orcs
  5 ball pythons
  7 endoplasms
  6 giant cockroaches
  2 gnoll zombies (Ossuary)
  7 goblins
  11 hobgoblins
  12 jackals
  19 kobolds
  4 quokkas
  4 bats
  11 frilled lizards
  2 hobgoblin zombies (Ossuary)
  4 kobold zombies (Ossuary)
  5 rats
285 creatures vanquished.

Vanquished Creatures (others)
  A kobold brigand (D:8)
1 creature vanquished.

Grand Total: 286 creatures vanquished

Notes
Turn   | Place    | Note
-------+----------+-------------------------------------------
     0 | D:1      | heikuro the Formicid Fighter began the quest for the Orb.
     0 | D:1      | Reached XP level 1. HP: 18/18 MP: 1/1
    97 | D:1      | Reached XP level 2. HP: 24/24 MP: 2/2
   371 | D:1      | Reached XP level 3. HP: 29/29 MP: 3/3
   855 | D:2      | Found a stormy altar of Qazlal.
   865 | D:2      | Became a worshipper of Qazlal Stormbringer
   951 | D:2      | Reached XP level 4. HP: 30/37 MP: 4/4
  1669 | D:3      | Reached skill level 1 in Invocations
  1737 | D:3      | Reached XP level 5. HP: 20/42 MP: 5/5
  1852 | D:3      | Found an opulent altar of Gozag.
  2151 | D:3      | Reached * piety under Qazlal
  2336 | D:4      | Noticed Grinder
  2378 | D:4      | Found a shadowy altar of Dithmenos.
  2387 | D:4      | Noticed Ijyb
  2397 | D:4      | Killed Ijyb
  2400 | D:4      | Reached skill level 5 in Shields
  2437 | D:4      | Reached XP level 6. HP: 24/48 MP: 7/7
  2581 | D:4      | Killed Grinder
  2582 | D:4      | Reached XP level 7. HP: 29/55 MP: 8/8
  2693 | D:4      | Noticed Sigmund
  2712 | D:4      | Killed Sigmund
  2996 | D:4      | Found a sparkling altar of Nemelex Xobeh.
  3037 | D:4      | Found a runed translucent door.
  3043 | D:4      | Noticed hgbash's ghost (novice MfSh)
  3050 | D:4      | Reached ** piety under Qazlal
  3051 | D:4      | Reached skill level 5 in Axes
  3313 | D:4      | Found a runed translucent door.
  3314 | D:4      | Noticed Crazy Yiuf
  3326 | D:4      | Killed Crazy Yiuf
  3402 | D:5      | Entered Level 5 of the Dungeon
  3408 | D:5      | Reached skill level 5 in Fighting
  3408 | D:5      | Reached XP level 8. HP: 61/62 MP: 10/10
  3493 | D:5      | Reached skill level 5 in Armour
  4041 | D:5      | Reached XP level 9. HP: 65/69 MP: 12/12
  4084 | D:5      | Reached *** piety under Qazlal
  4214 | D:5      | Found Urhaor's Armour Shop.
  4561 | D:5      | Found Berel's Distillery.
  4681 | D:6      | Reached skill level 5 in Invocations
  4874 | D:6      | Found a radiant altar of Vehumet.
  4893 | D:6      | Found a snail-covered altar of Cheibriados.
  5308 | D:7      | Found a staircase to the Ecumenical Temple.
  5384 | D:7      | Found a sand-covered staircase.
  5415 | Ossuary  | Entered an ossuary
  5424 | Ossuary  | Reached **** piety under Qazlal
  6275 | Temple   | Entered the Ecumenical Temple
  6330 | D:8      | Reached XP level 10. HP: 77/77 MP: 14/14
  6679 | D:8      | Found a runed translucent door.
  6685 | D:8      | Noticed Brisketman's ghost (novice DsNe)
  6733 | D:8      | Noticed a two-headed ogre
  6752 | D:8      | Killed a two-headed ogre
  7063 | D:8      | Noticed a two-headed ogre
  7092 | D:8      | Killed a two-headed ogre
  7318 | D:8      | Found a sacrificial altar of Ru.
  7673 | D:9      | Reached XP level 11. HP: 84/86 MP: 16/16
  7768 | D:4      | Killed hgbash's ghost
  7923 | D:9      | Reached ***** piety under Qazlal
  8075 | D:9      | Found a glowing silver altar of Zin.
  8112 | D:9      | Noticed Jeremiah
  8341 | D:8      | Reached skill level 10 in Axes
  8700 | D:9      | Found a staircase to the Orcish Mines.
  8706 | D:9      | Noticed a death yak
  8712 | D:9      | Noticed a death yak
  8714 | D:9      | Noticed a death yak
  8714 | D:9      | You fall into a shaft and drop 3 floors!
  9154 | D:11     | Noticed a cyan ugly thing
  9421 | D:11     | Killed a cyan ugly thing
  9422 | D:11     | Reached skill level 10 in Shields
  9618 | D:10     | Entered Level 10 of the Dungeon
  9715 | D:10     | Noticed Erica
  9726 | D:10     | Killed from afar by Erica

Illustrated notes

Levels and vault maps discovered:
D:1:      evilmike_arrival_hilbert_curve, layout_rooms, fountainhead
D:2:      layout_basic, basic_altar, minmay_lizard_pond
D:3:      layout_loops_ring, lemuel_crystal_altar, minmay_crystal_water
D:4:      layout_rooms, nemelex_spade_bored_becter, grunt_dithmenos_smoke,
          ebering_ghost_sewer_d, serial_bayou, serial_bayou_lake_a,
          serial_bayou_shore_a, serial_bayou_pond_d, serial_bayou_pond_a,
          guppyfry_early_lair_pool, uniq_sigmund, uniq_grinder, uniq_ijyb,
          uniq_crazy_yiuf_cottage
D:5:      layout_cave_pools, serial_gnoll_camp, gnoll_camp_mini_doghouse,
          gnoll_camp_mini_hut, gnoll_camp_mini_shop, gnoll_camp_mini_doghouse,
          gnoll_camp_mini_sergeant, gnoll_camp_medium_02, serial_shops,
          kennysheep_mini_moat, st_stairs_8
D:6:      layout_basic, cheibriados_altar_1, nicolae_vehumet_altar_sigil,
          minmay_gold_behind_fungi
D:7:      layout_loops_ring, minmay_temple_entry_mini_moons, enter_ossuary_1
D:8:      layout_basic, hellmonk_ghost_happy_afterlife, minmay_ruined_shrine
D:9:      layout_gridville, mainiacjoe_overflow_boulevard, dpeg_lair_monsters,
          erik_orc_4, minivault_25_ag, uniq_jeremiah
D:10:     layout_loops_ring, enter_bailey_2, nicolae_shop_vocational, uniq_erica
D:11:     layout_rooms
D:12:     minmay_the_grid_triangle_9x9_rhombus_thin_mashed
          [minmay_the_grid_triangle_9x9_negative_grid,
          minmay_the_grid_triangle_9x9_prize_special,
          minmay_the_grid_triangle_9x9_limited_checkers,
          minmay_the_grid_triangle_9x9_impossible_snake], layout_gridville
Temple:   regret_index_temple_sphere_string

Skill      XL: |  1  2  3  4  5  6  7  8  9 10 11 |
---------------+----------------------------------+-----
Axes           | 3 4 5 6 7 9 10 | 10.5
Invocations    | 1 2 3 4 5 7 8 |  8.1
Fighting       | 4 5 6 7 8 |  8.7
Armour         | 4 5 6 7 8 |  8.6
Shields        | 5 6 7 9 10 | 10.1

Action                     |  1- 3 |  4- 6 |  7- 9 | 10-12 || total
---------------------------+-------+-------+-------+-------++-------
  Melee: War axe           |    74 |   129 |   345 |    12 ||   560
         Battleaxe         |       |       |       |   254 ||   254
  Throw: Dart              |       |     5 |     2 |       ||     7
Ability: Shaft Self        |       |       |       |     1 ||     1
    Use: Scroll            |       |     3 |     4 |     3 ||    10
         Potion            |       |     1 |       |     1 ||     2
 Armour: Scale mail        |    28 |    45 |   108 |    61 ||   242
  Dodge: Dodged            |    19 |    46 |   130 |    78 ||   273
         Repelled          |       |       |       |     1 ||     1
  Block: Buckler           |    55 |    69 |   300 |   267 ||   691
         Reflection        |     1 |     3 |    11 |     3 ||    18

Table legend: (Time is in decaauts)
 A = Elapsed time spent in this place.
 B = Non-inter-level travel time spent in this place.
 C = Inter-level travel time spent in this place.
 D = Time resting spent in this place.
 E = Time spent auto-exploring this place.
 F = Levels seen in this place.
 G = Mean time per level.
                   A        B        C        D        E       F      G
               +--------+--------+--------+--------+--------+-----+--------+
         Total |  10003 |   9487 |    516 |   1961 |   4673 |  14 |  714.5 |
       Dungeon |   9698 |   9182 |    516 |   1863 |   4643 |  12 |  808.2 |
        Temple |      1 |      1 |      0 |      0 |      0 |   1 |    1.0 |
       Ossuary |    303 |    303 |      0 |     98 |     30 |   1 |  303.0 |
               +--------+--------+--------+--------+--------+-----+--------+

Top non-repeatable levels by time:
     D:8: 1951 daAuts
     D:5: 1314 daAuts
     D:4: 1169 daAuts
     D:3: 994 daAuts
     D:2: 849 daAuts
     D:7: 812 daAuts
    D:12: 666 daAuts
     D:6: 605 daAuts
     D:1: 600 daAuts
     D:9: 373 daAuts
 Ossuary: 303 daAuts
    D:11: 247 daAuts
    D:10: 112 daAuts
  Temple: 1 daAuts
